 Dungeon Crawl Stone Soup version 0.30-a0-371-gad7725a93e (webtiles) character file.

Game seed: 10811702810388286606

3332 Lobster4 the Skirmisher (level 9, -3/79 HPs)
             Began as a Minotaur Hunter on Nov 21, 2022.
             Was an Initiate of Hepliaklqana.
             Slain by a tengu warrior
             ... wielding a +0 glaive
              (13 damage)
             ... on level 8 of the Dungeon.
             The game lasted 00:23:47 (7830 turns).

Lobster4 the Skirmisher (Minotaur Hunter)           Turns: 7830, Time: 00:23:47

Health: -3/79      AC: 11    Str: 16    XL:     9   Next: 71%
Magic:  10/10      EV: 14    Int:  6    God:    Hepliaklqana [......]
Gold:   441        SH:  0    Dex: 18    Spells: 8/8 levels left

rFire   . . .      SeeInvis .    b - +6 whip of Beyqipni {drain, Fly}
rCold   . . .      Faith    .    (no shield)
rNeg    . . .      Spirit   .    r - +0 ring mail
rPois   .          Reflect  .    (helmet restricted)
rElec   .          Harm     .    (no cloak)
rCorr   .          Rampage  .    S - +2 pair of gloves
Will    .....                    c - +1 pair of boots
Stlth   +.........               (no amulet)
HPRegen 0.33/turn                (no ring)
MPRegen 0.12/turn                (no ring)

@: flying
A: horns 2, retaliatory headbutt
a: Renounce Religion


You were on level 8 of the Dungeon.
You worshipped Hepliaklqana.
Hepliaklqana was noncommittal.
You visited 1 branch of the dungeon, and saw 8 of its levels.
You also visited: Sewer.

You collected 441 gold pieces.

Inventory:

Hand Weapons
 a - a +2 shortbow
 b - the +6 whip of Beyqipni (weapon) {drain, Fly}
   (You found it on level 5 of the Dungeon)

   A truly terrible weapon, it drains the life of any living foe it strikes.
   Fly:       It grants you flight.
 d - a +0 short sword
 q - a +0 sling
 u - a +2 whip of flaming
 C - a +1 short sword of holy wrath
 R - a +0 short sword of venom
Missiles
 w - 16 poisoned darts
 J - 6 datura-tipped darts
 K - a throwing net
 L - 5 boomerangs
Armour
 c - a +1 pair of boots (worn)
 r - a +0 ring mail (worn)
 t - a +0 scale mail
 S - a +2 pair of gloves (worn)
Jewellery
 B - a ring of see invisible
Wands
 l - a wand of roots (9)
 N - a wand of acid (8)
 O - a wand of flame (26)
Scrolls
 j - a scroll of magic mapping
 m - 2 scrolls of immolation
 v - a scroll of teleportation
 F - a scroll of acquirement {unknown}
 H - a scroll of blinking {unknown}
 P - a scroll of butterflies {unknown}
Potions
 e - 2 potions of resistance {unknown}
 f - a potion of cancellation {unknown}
 g - 2 potions of brilliance
 h - 3 potions of curing
 i - 3 potions of flight {unknown}
 k - 4 potions of invisibility
 n - 2 potions of heal wounds
 o - a potion of degeneration {unknown}
 p - 2 potions of might {unknown}
 s - 5 potions of mutation {unknown}
 z - 2 potions of haste
 A - a potion of lignification {unknown}
 I - 2 potions of magic {unknown}


   Skills:
 + Level 7.2 Fighting
 + Level 2.3 Short Blades
 - Level 3.0 Maces & Flails
 * Level 10.0 Ranged Weapons
 - Level 1.0 Throwing
 - Level 6.0 Armour
 - Level 6.0 Dodging
 - Level 1.0 Stealth
 - Level 3.0 Invocations
 - Level 3.0 Evocations


You had 8 spell levels left.
You didn't know any spells.
Your spell library contained the following spells:

 Spells                   Type           Power      Damage    Failure   Level
 Apportation              Tloc           0%         N/A       65%         1
 Freeze                   Ice            0%         1d3       65%         1
 Sandblast                Erth           0%         2d4       65%         1
 Passwall                 Tmut/Erth      0%         N/A       78%         2
 Frozen Ramparts          Ice            0%         1d1       95%         3
 Hailstorm                Conj/Ice       0%         3d3       95%         3
 Stone Arrow              Conj/Erth      0%         3d7       95%         3
 Alistair's Intoxication  Tmut/Pois      0%         N/A       100%        5


Dungeon Overview and Level Annotations

Branches:
Dungeon (8/15)             Temple (0/1) D:7           Sewer (visited)
   Lair: D:8-11

Altars:
Ashenzari
Cheibriados
Dithmenos
Gozag
Hepliaklqana
Makhleb
Okawaru
Uskayaw
Yredelemnul
Zin

Annotations:
D:3 1 runed translucent door, Crazy Yiuf
D:4 1 runed translucent door, 1 exclusion
D:7 4 runed translucent doors


Innate Abilities, Weirdness & Mutations

You have a pair of horns on your head.
You reflexively headbutt those who attack you in melee.


Message History

The tengu warrior claws you but does no damage.
You whack the tengu warrior!
The tengu warrior is almost dead.
The tengu warrior misses you.
The tengu warrior pecks you but does no damage.
The tengu warrior claws you.
You closely miss the tengu warrior.
The tengu warrior is almost dead.
The tengu warrior hits you with a +0 glaive!
The tengu warrior pecks you but does no damage.
The tengu warrior claws you but does no damage.
You miss the tengu warrior. Your headbutt misses the tengu warrior.
The tengu warrior is almost dead.
The tengu warrior hits you with a +0 glaive!!
* * * LOW HITPOINT WARNING * * *
The tengu warrior pecks you but does no damage.
The tengu warrior barely misses you.
You closely miss the tengu warrior. Your headbutt misses the tengu warrior.
The tengu warrior is almost dead.
The tengu warrior hits you with a +0 glaive!
* * * LOW HITPOINT WARNING * * *
The tengu warrior pecks you but does no damage.
The tengu warrior claws you.
* * * LOW HITPOINT WARNING * * *
You feel much better.
The tengu warrior is no longer covered in acid.
The tengu warrior closely misses you. You furiously retaliate!
You headbutt the tengu warrior! The tengu warrior pecks you.
* * * LOW HITPOINT WARNING * * *
The tengu warrior closely misses you.
You miss the tengu warrior.
The tengu warrior is almost dead.
The tengu warrior hits you with a +0 glaive!
* * * LOW HITPOINT WARNING * * *
The tengu warrior misses you.
The tengu warrior claws you but does no damage.
You miss the tengu warrior.
The tengu warrior is almost dead.
The tengu warrior hits you with a +0 glaive!
You die...

#.# ###.#. #.# #.#. #.#
#.## ####.# #.# ##.##.# #.#
#####...#.# ##### #.#
..........# #...#######.#
.####.......###.#.........#
......[...Q@...<..#########
......[....#######
###......#################
#..<...)....)...........
####.###################
###


You could see a tengu warrior.

Vanquished Creatures
  A wyvern (D:7)
  3 steam dragons
  A water moccasin (D:6)
  A sky beast (D:8)
  2 ice beasts
  A black bear (D:6)
  3 orc warriors (D:8)
  An ogre (D:6)
  A centaur (D:8)
  2 kobold brigands (D:8)
  2 phantoms (D:5)
  3 bullfrogs
  A necrophage (D:8)
  3 scorpions
  2 wights (D:8)
  5 killer bees (D:7)
  A howler monkey (D:7)
  4 hounds
  3 jellies
  2 orc priests (D:4)
  4 iguanas
  4 orc wizards
  Robin (D:3)
  11 adders
  3 gnolls (D:5)
  3 river rats (Sewer)
  A white imp (D:7)
  3 ufetubi (D:5)
  A worm (D:2)
  2 dart slugs
  18 orcs
  4 bats
  5 endoplasms
  3 giant cockroaches
  9 goblins
  9 hobgoblins
  7 jackals
  11 kobolds
  4 quokkas
  16 ball pythons
  4 frilled lizards
  A goblin skeleton (D:4)
  26 rats
192 creatures vanquished.

Vanquished Creatures (others)
  A gnoll (D:8)
  A white imp (D:8)
  An orc (D:8)
  4 plants (D:7)
7 creatures vanquished.

Grand Total: 199 creatures vanquished

Notes
Turn   | Place    | Note
-------+----------+-------------------------------------------
     0 | D:1      | Lobster4 the Minotaur Hunter began the quest for the Orb.
     0 | D:1      | Reached XP level 1. HP: 18/18 MP: 0/0
   152 | D:1      | Reached skill level 1 in Stealth
   222 | D:1      | Reached XP level 2. HP: 25/25 MP: 1/1
   223 | D:1      | Found a faded altar of an unknown god.
   562 | D:2      | Reached skill level 1 in Armour
   749 | D:2      | Reached XP level 3. HP: 30/30 MP: 2/2
  1255 | D:3      | Reached skill level 5 in Ranged Weapons
  1442 | D:3      | Noticed Robin
  1583 | D:3      | Reached XP level 4. HP: 38/38 MP: 3/3
  1676 | D:3      | You fall into a shaft and drop 2 floors!
  1676 | D:5      | Entered Level 5 of the Dungeon
  1830 | D:3      | Reached XP level 5. HP: 45/45 MP: 4/4
  1886 | D:3      | Killed Robin
  1924 | D:3      | Found a runed translucent door.
  1925 | D:3      | Noticed Crazy Yiuf
  1941 | D:3      | Found a shadowy altar of Dithmenos.
  2099 | D:3      | Found a glowing silver altar of Zin.
  2102 | D:3      | Found an opulent altar of Gozag.
  2105 | D:3      | Found a hide-covered altar of Uskayaw.
  2993 | D:4      | Reached skill level 6 in Ranged Weapons
  3004 | D:4      | Reached XP level 6. HP: 43/52 MP: 5/5
  3055 | D:4      | Found a runed translucent door.
  3055 | D:4      | Noticed a human
  3118 | D:4      | Found a basalt altar of Yredelemnul.
  3517 | D:5      | Noticed an ice beast
  3523 | D:5      | Killed an ice beast
  3645 | D:5      | Reached XP level 7. HP: 53/60 MP: 6/6
  3722 | D:5      | Reached skill level 7 in Ranged Weapons
  3786 | D:5      | Identified the +6 whip of Beyqipni {drain, Fly}
  3975 | D:5      | Reached skill level 1 in Evocations
  4154 | D:6      | Reached skill level 1 in Maces & Flails
  4162 | D:6      | Found a glowing drain.
  4179 | D:6      | Reached skill level 5 in Fighting
  4207 | Sewer    | Entered a sewer
  4430 | Sewer    | Reached XP level 8. HP: 41/68 MP: 7/7
  4753 | D:6      | Reached skill level 5 in Dodging
  5085 | D:6      | Reached skill level 8 in Ranged Weapons
  5146 | D:6      | Reached skill level 5 in Armour
  5496 | D:6      | Found an iron altar of Okawaru.
  5497 | D:6      | Found a snail-covered altar of Cheibriados.
  5498 | D:6      | Found a broken altar of Ashenzari.
  5498 | D:6      | Found a hazy altar of Hepliaklqana.
  5498 | D:6      | Found a burning altar of Makhleb.
  5508 | D:6      | Became a worshipper of Hepliaklqana the Forgotten
  5909 | D:7      | Reached skill level 1 in Throwing
  5925 | D:7      | Reached skill level 1 in Invocations
  6113 | D:8      | Reached XP level 9. HP: 65/75 MP: 8/8
  6297 | D:7      | Found a staircase to the Ecumenical Temple.
  6588 | D:7      | Reached skill level 9 in Ranged Weapons
  6707 | D:7      | Found a huge runed translucent gate.
  6708 | D:7      | Found a huge runed translucent gate.
  6709 | D:7      | Found a huge runed translucent gate.
  6710 | D:7      | Noticed a polar bear
  6710 | D:7      | Noticed a polar bear
  6711 | D:7      | Found a huge runed translucent gate.
  7201 | D:8      | Noticed a two-headed ogre
  7201 | D:8      | Noticed a wind drake
  7201 | D:8      | Noticed a deep elf pyromancer
  7201 | D:8      | Noticed a deep elf pyromancer
  7201 | D:8      | Noticed a tengu warrior
  7203 | D:8      | a wind drake changed into an elephant
  7203 | D:8      | Noticed an elephant (shapeshifter)
  7245 | D:8      | Reached skill level 1 in Short Blades
  7668 | D:8      | Reached skill level 10 in Ranged Weapons
  7830 | D:8      | Slain by a tengu warrior

Illustrated notes

Levels and vault maps discovered:
D:1:      nicolae_arrival_washed_ashore, layout_rooms,
          shapermc_ecumenical_altar_notcrosses, minmay_curled_crystal,
          ebering_dispersal_statue_hall
D:2:      layout_loops_ring
D:3:      layout_basic, nicolae_dithmenos_the_darkroom,
          grunt_temple_overflow_diamond, uniq_crazy_yiuf_cottage, uniq_robin
D:4:      layout_gridville, dk_yredelemnul_ordeal, chequers_serial_rivers_room_a
D:5:      layout_basic, hangedman_decor_peaks_small
D:6:      layout_basic, grunt_temple_overflow_open, cheibrodos_sewer_entry_drain
D:7:      lemuel_bear_cage, layout_rooms, minmay_temple_entry_overgrown
D:8:      minmay_the_grid_plus_closed [minmay_the_grid_minigrid_small,
          minmay_the_grid_dragon_a, minmay_the_grid_square_x,
          minmay_the_grid_odd_star, minmay_the_grid_prize_big_room],
          layout_loops_ring

Skill      XL: |  1  2  3  4  5  6  7  8  9 |
---------------+----------------------------+-----
Stealth        | 1 |  1.0
Armour         | 1 2 3 4 5 6 |  6.0
Fighting       | 3 4 5 6 7 |  7.2
Ranged Weapons | 5 6 7 8 10 | 10.0
Dodging        | 3 4 5 6 |  6.0
Evocations     | 1 3 |  3.0
Maces & Flails | 1 3 |  3.0
Throwing       | 1 |  1.0
Invocations    | 1 3 |  3.0
Short Blades   | 2 |  2.3

Action                   |  1- 3 |  4- 6 |  7- 9 || total
-------------------------+-------+-------+-------++-------
Melee: Short sword       |       |    12 |       ||    12
       Headbutt          |       |     3 |    19 ||    22
       Whip              |       |       |   111 ||   111
       Punch             |       |       |     2 ||     2
 Fire: Shortbow          |   100 |   157 |   249 ||   506
Evoke: Wand              |       |     1 |     3 ||     4
  Use: Scroll            |     4 |     2 |    12 ||    18
       Potion            |       |     2 |     3 ||     5
Armor: Leather armour    |    11 |    13 |    17 ||    41
       Ring mail         |       |       |    40 ||    40
Dodge: Dodged            |    21 |    53 |   182 ||   256

Table legend: (Time is in decaauts)
 A = Elapsed time spent in this place.
 B = Non-inter-level travel time spent in this place.
 C = Inter-level travel time spent in this place.
 D = Time resting spent in this place.
 E = Time spent auto-exploring this place.
 F = Levels seen in this place.
 G = Mean time per level.
                   A        B        C        D        E       F      G
               +--------+--------+--------+--------+--------+-----+--------+
         Total |   7939 |   7401 |    538 |   1354 |   4325 |   9 |  882.1 |
       Dungeon |   7492 |   6954 |    538 |   1208 |   4166 |   8 |  936.5 |
         Sewer |    447 |    447 |      0 |    146 |    159 |   1 |  447.0 |
               +--------+--------+--------+--------+--------+-----+--------+

Top non-repeatable levels by time:
     D:6: 1270 daAuts
     D:8: 1153 daAuts
     D:3: 1091 daAuts
     D:4: 960 daAuts
     D:7: 909 daAuts
     D:2: 802 daAuts
     D:5: 777 daAuts
     D:1: 527 daAuts
   Sewer: 447 daAuts
